 Dungeon Crawl Stone Soup version 0.19.5 (webtiles) character file.

163 Aquagraph the Charmwright (level 5, -1/31 HPs)
             Began as a Halfling Skald on Apr 27, 2017.
             Was an Initiate of Sif Muna.
             Slain by a gnoll (3 damage)
             ... on level 3 of the Dungeon.
             The game lasted 00:35:18 (2570 turns).

Aquagraph the Charmwright (Halfling Skald)          Turns: 2570, Time: 00:35:19

Health: -1/31      AC:  5    Str: 14    XL:     5   Next: 72%
Magic:  2/8        EV: 14    Int: 10    God:    Sif Muna [......]
Gold:   131        SH:  4    Dex: 14    Spells: 2 memorised, 5 levels left

rFire  . . .     SeeInvis .     a - +1 spear
rCold  . . .     Gourm    .     b - +0 leather armour
rNeg   . . .     Faith    .     j - +0 buckler
rPois  .         Spirit   .     (no helmet)
rElec  .         Reflect  .     n - +0 cloak
rCorr  .         Harm     .     i - +0 pair of gloves
MR     .....                    (no boots)
Stlth  +.........               (no amulet)
                                (no ring)
                                (no ring)

@: singing, very slightly contaminated
A: frail 1, mutation resistance 1
a: Renounce Religion, Stop Singing


You were on level 3 of the Dungeon.
You worshipped Sif Muna.
Sif Muna was noncommittal.
You were very hungry.

You visited 1 branch of the dungeon, and saw 3 of its levels.

You collected 131 gold pieces.

Inventory:

Hand Weapons
 a - a +1 spear (weapon)
Missiles
 e - 14 poisoned needles
 s - 6 arrows
Armour
 b - a +0 leather armour (worn)
 g - a +0 ring mail
 i - a +0 pair of gloves (worn)
 j - a +0 buckler (worn)
 n - a +0 cloak (worn)
Scrolls
 d - a scroll of blinking {unknown}
 f - 6 scrolls of identify
 l - a scroll of noise {unknown}
 m - a scroll of remove curse
Potions
 h - a potion of lignification
 k - 2 potions of flight
 o - a potion of heal wounds {unknown}
 r - a potion of resistance {unknown}
Books
 c - a book of Battle

   Spells                             Type                      Level
   a - Infusion                       Charms                       1
   b - Shroud of Golubria             Charms/Translocation         2
   c - Song of Slaying                Charms                       2
   d - Spectral Weapon                Hexes/Charms                 3
   e - Regeneration                   Charms/Necromancy            3


   Skills:
 + Level 2.3 Fighting
 + Level 3.1 Polearms
 + Level 1.5 Armour
 + Level 2.2 Dodging
 + Level 0.5 Stealth
 + Level 0.7 Shields
 + Level 2.1 Spellcasting
 + Level 4.0 Charms


You had 5 spell levels left.
You knew the following spells:

 Your Spells              Type           Power        Failure   Level  Hunger
a - Infusion              Chrm           #...         12%         1    ##.....
b - Song of Slaying       Chrm           #.......     17%         2    ###....


Dungeon Overview and Level Annotations

Branches:
Dungeon (3/15)

Altars:
Sif Muna


Innate Abilities, Weirdness & Mutations

You are small and have problems with some larger weapons.
You are somewhat resistant to further mutation.
You are frail. (-10% HP)


Message History

The leopard gecko bites you but does no damage.
The jackal barely misses you. x2
A hobgoblin comes into view. It is wielding a club.
You closely miss the adder.
The adder is moderately wounded.
The adder bites you but does no damage. The quokka barely misses you.
The jackal closely misses you. The gnoll hits you but does no damage.
The leopard gecko misses you. You block the gnoll's attack.
The jackal misses you. The gnoll hits you with a flail.
* * * LOW HITPOINT WARNING * * *
The adder barely misses you.
Unknown command.
As you read the scroll labeled UQAGAO PESAETT, it crumbles to dust.
It is a scroll of enchant weapon.
Your +0 spear glows red for a moment.
The jackal closely misses you. You block the quokka's attack.
The gnoll barely misses you.
The jackal bites you but does no damage.
The leopard gecko bites you but does no damage.
The gnoll hits you.
You die...

%.... ..<.#.#>#
.....##.........
......#g........
....!...........
................
.....gSh........
.....Khgl.......
.....hg@h.......
.....gr.SSK.....
....>.....#.....
................
........#.#.# ..
........#.#.#
........... #
.....#.##...
...... .$.


You could see 4 gnolls, 3 adders, a leopard gecko, a quokka, 4 jackals, a
hobgoblin and 2 kobolds.

Vanquished Creatures
  9 adders (D:2)
  3 oozes
  2 worms (D:2)
  2 dart slugs (D:2)
  7 ball pythons (D:2)
  7 bats
  2 giant cockroaches
  3 goblins (D:2)
  6 hobgoblins
  4 jackals (D:2)
  7 kobolds
  A quokka (D:3)
  5 frilled lizards
  6 rats
64 creatures vanquished.

Notes
Turn   | Place    | Note
-------+----------+-------------------------------------------
     0 | D:1      | Aquagraph the Halfling Skald began the quest for the Orb.
     0 | D:1      | Reached XP level 1. HP: 14/14 MP: 3/3
    56 | D:1      | Reached XP level 2. HP: 19/19 MP: 2/4
   399 | D:1      | Learned a level 2 spell: Song of Slaying
   592 | D:1      | Reached XP level 3. HP: 22/24 MP: 0/5
  1070 | D:2      | Reached XP level 4. HP: 17/29 MP: 2/6
  1218 | D:2      | Found a deep blue altar of Sif Muna.
  1221 | D:2      | Became a worshipper of Sif Muna the Loreminder
  1269 | D:2      | Gained mutation: You are frail. (-10% HP) [potion of mutation]
  1584 | D:2      | Reached XP level 5. HP: 12/30 MP: 7/7
  2567 | D:3      | Reached skill level 4 in Charms
  2570 | D:3      | Slain by a gnoll

Skill      XL: |  1  2  3  4  5 |
---------------+----------------+-----
Fighting       | 2 |  2.3
Polearms       | 2 3 |  3.1
Dodging        | 2 |  2.2
Spellcasting   | 2 |  2.1
Charms         | 4 |  4.0
Armour         | |  1.5
Stealth        | |  0.5
Shields        | |  0.7

Action                   |  1- 3 |  4- 6 || total
-------------------------+-------+-------++-------
Melee: Spear             |   122 |   137 ||   259
 Cast: Infusion          |    11 |    13 ||    24
       Song of Slaying   |       |     1 ||     1
  Use: Potion            |     3 |     1 ||     4
       Scroll            |     3 |     1 ||     4
 Stab: Distracted        |     1 |       ||     1
       Sleeping          |       |     1 ||     1
  Eat: Bread ration      |     1 |       ||     1
       Chunk             |       |     1 ||     1
Armor: Leather armour    |     7 |    20 ||    27
       Ring mail         |    24 |    29 ||    53
       Skin              |     6 |       ||     6
Dodge: Dodged            |    66 |    92 ||   158
Block: Buckler           |    18 |    31 ||    49
